[Event "Team 45 45 League T71"]
[Site "Internet Chess Club"]
[Date "2017.01.08"]
[Round "4"]
[White "seattleblues"]
[Black "Kingofknights"]
[Result "1/2-1/2"]
[WhiteElo "1373"]
[BlackElo "1475"]
[Opening "QGD Slav: Dutch variation"]
[ECO "D18"]
[Time "17:59:27"]
[TimeControl "2700+45"]

1. d4 d5 2. Nf3 Nf6 3. c4 c6 4. Nc3 dxc4 5. a4 Bf5 6. e3 Bd3 7. Bxd3 cxd3 8.
Qxd3 e6 9. O-O Be7 10. Re1 Na6 11. e4 Nb4 12. Qe2 O-O 13. h3 Qc7 14. Bg5 a6 15.
Rac1 h6 16. Bh4 Rfe8 17. Bg3 Qa5 18. b3 Rac8 19. Nd2 Qh5 20. Nc4 Qxe2 21. Rxe2
c5 22. Nd6 Bxd6 23. Bxd6 cxd4 24. Bxb4 dxc3 25. Rxc3 Rxc3 26. Bxc3 Nd7 27. Rd2
Nc5 28. f3 Rc8 29. Bb4 Nxb3 30. Rd7 b5 31. axb5 axb5 32. Rd3 Nc5 33. Rc3 Rc7 34.
Rxc5 Rxc5 35. Bxc5 f5 36. exf5 exf5 37. Kf2 Kf7 38. Ke3 Ke6 39. Kd4 g6 40. f4 g5
41. fxg5 hxg5 42. Ba3 Kf6 43. g3 Ke6 44. Bc1 Kf6 45. Kc5 Kg6 46. Kxb5 Kh5 47.
Kc5 f4 48. gxf4 gxf4 49. Bxf4 Kh4 {Game drawn by mutual agreement} 1/2-1/2

[Event "Team 45 45 League T71"]
[Site "Internet Chess Club"]
[Date "2017.01.07"]
[Round "4"]
[White "tamky70"]
[Black "Conjurer"]
[Result "1/2-1/2"]
[WhiteElo "1300"]
[BlackElo "1171"]
[Opening "English: symmetrical, Botvinnik system"]
[ECO "A36"]
[Time "14:07:28"]
[TimeControl "2700+45"]

1. c4 c5 2. Nc3 g6 3. g3 Bg7 4. Bg2 Nc6 5. e4 e6 6. Nge2 Nge7 7. O-O O-O 8. d3
a6 9. a3 b5 10. cxb5 axb5 11. Nxb5 Ba6 12. Nd6 Nd4 13. Nc4 d5 14. Nxd4 dxc4 15.
e5 Rc8 16. Qa4 Qb6 17. Nf3 cxd3 18. Re1 Rfd8 19. Bg5 Bf8 20. Bf6 c4 21. Nd2 Bb5
22. Qd1 Qd4 23. Rb1 Rd7 24. Re4 Qc5 25. h4 Nf5 26. Rc1 Nxg3 27. Qg4 Nxe4 28.
Bxe4 Bh6 29. Rd1 Rd4 30. Kg2 Bc6 31. f3 c3 32. bxc3 Qxc3 33. Bg5 Bg7 34. h5 f5
35. Qh4 fxe4 36. fxe4 Bxe5 37. hxg6 hxg6 38. Qh6 Bxe4+ 39. Nxe4 Qc2+ 40. Rd2 Qc6
41. Qxg6+ Bg7 42. Bf6 Qxe4+ 43. Qxe4 Rxe4 44. Bxg7 Kxg7 45. Rxd3 Rc2+ 46. Kf3
Rcc4 47. Kg3 Re1 48. Kf3 Kf7 49. Kf2 Rh1 50. Kg3 Kf6 51. Rf3+ Ke5 52. Rb3 Rg1+
53. Kf2 Ra1 54. Re3+ Re4 55. Rb3 Ra2+ 56. Kf3 Kd4 57. Rb4+ Kd5 58. Rxe4 Rxa3+
59. Re3 Rxe3+ 60. Kxe3 Ke5 61. Ke2 Ke4 62. Kd2 e5 63. Ke2 Kd4 64. Kd2 Ke4 65.
Ke2 Kf4 66. Kf2 e4 67. Ke2 e3 68. Ke1 Kf3 69. Kf1 e2+ 70. Ke1 Ke3 {White
stalemated} 1/2-1/2

[Event "Team 45 45 League T71"]
[Site "Internet Chess Club"]
[Date "2017.01.05"]
[Round "4"]
[White "Gojira"]
[Black "Innes"]
[Result "1-0"]
[WhiteElo "1611"]
[BlackElo "1456"]
[Opening "Old Benoni defense"]
[ECO "A43"]
[Time "17:01:22"]
[TimeControl "2700+45"]

1. d4 c5 2. c3 cxd4 3. cxd4 d5 4. Nf3 Nc6 5. Bf4 Nf6 6. e3 Bg4 7. Qb3 Bxf3 8.
Qxb7 Rc8 9. gxf3 e6 10. Bb5 Bb4+ 11. Nc3 Qd7 12. Bxc6 Bxc3+ 13. bxc3 Qxc6 14.
Qxc6+ Rxc6 15. Kd2 Kd7 16. Rab1 Rb6 17. Rb4 Nh5 18. Bg3 Nxg3 19. fxg3 Rc8 20.
Rhb1 Kc6 21. c4 Rcb8 22. Rxb6+ Rxb6 23. Rxb6+ axb6 24. Kc3 b5 25. c5 f5 26. f4
Kb7 27. Kb4 Ka6 28. c6 Kb6 29. c7 Kxc7 30. Kxb5 Kb7 31. Kc5 Kc7 32. a4 h5 33. a5
g6 34. a6 h4 35. a7 Kb7 36. Kd6 hxg3 37. hxg3 Kxa7 38. Kxe6 Kb7 39. Kxd5 Kc7 40.
Ke6 Kc6 41. d5+ Kc7 42. Ke7 {Black resigns} 1-0

[Event "Team 45 45 League T71"]
[Site "Internet Chess Club"]
[Date "2017.01.08"]
[Round "4"]
[White "drsigmund1"]
[Black "akshayk06"]
[Result "1-0"]
[WhiteElo "1395"]
[BlackElo "1414"]
[Opening "Queen's pawn, Mason variation"]
[ECO "D00"]
[Time "12:04:29"]
[TimeControl "2700+45"]

1. d4 d5 2. Bf4 Nf6 3. e3 e6 4. Bd3 Bd6 5. Bg5 O-O 6. Nf3 h6 7. Bh4 Nbd7 8. Nbd2
c5 9. c3 Qb6 10. Rb1 cxd4 11. cxd4 Re8 12. Qb3 Qxb3 13. Nxb3 Bb4+ 14. Nbd2 b6
15. Bb5 g5 16. Bg3 Ne4 17. Bc7 g4 18. a3 gxf3 19. axb4 fxg2 20. Rg1 Nxd2 21.
Rxg2+ Kh7 22. Kxd2 a6 23. Bc6 Ra7 24. Bxb6 Nxb6 25. Bxe8 Re7 26. Bc6 Rc7 27. b5
axb5 28. Bxb5 Nc4+ 29. Bxc4 Rxc4 30. Rbg1 h5 31. Rg7+ Kh8 32. Rxf7 Ba6 33. Rf6
{Black resigns} 1-0

[Event "Team 45 45 League T71"]
[Site "Internet Chess Club"]
[Date "2017.01.07"]
[Round "4"]
[White "rhayder"]
[Black "Andaluz"]
[Result "1-0"]
[WhiteElo "1185"]
[BlackElo "1315"]
[Opening "Sicilian defense"]
[ECO "B33"]
[Time "03:10:25"]
[TimeControl "2700+45"]

1. e4 c5 2. Nf3 Nc6 3. d4 cxd4 4. Nxd4 Nf6 5. Nc3 a6 6. Be2 Qb6 7. Nb3 d6 8. Be3
Qc7 9. O-O b5 10. a3 Bb7 11. Bd3 Ne5 12. f3 Nc4 13. Bxc4 Qxc4 14. Nd2 Qc7 15.
Kh1 e6 16. Re1 Be7 17. Rc1 d5 18. exd5 Nxd5 19. Nxd5 Bxd5 20. Qe2 O-O 21. Qf2
Rac8 22. Bb6 Qb7 23. Bd4 Bd6 24. Ne4 Bxe4 25. Rxe4 Qc7 26. Qh4 Be7 27. Qh3 Qd8
28. Qg3 Bf6 29. c3 Bxd4 30. Rxd4 Qf6 31. Rcd1 Rfd8 32. Qf2 Rxd4 33. Rxd4 Qg5 34.
Qd2 g6 35. Qxg5 {Black resigns} 1-0

[Event "Team 45 45 League T71"]
[Site "Internet Chess Club"]
[Date "2017.01.06"]
[Round "4"]
[White "oldbookseller"]
[Black "Just-Jim"]
[Result "0-1"]
[WhiteElo "995"]
[BlackElo "1276"]
[Opening "Queen's pawn game"]
[ECO "D02"]
[Time "18:00:24"]
[TimeControl "2700+45"]

1. d4 d5 2. Nf3 e6 3. e3 Be7 4. Bd3 f5 5. Nbd2 Nf6 6. O-O O-O 7. c4 Ne4 8. cxd5
exd5 9. Ne5 c6 10. Ndf3 Bd6 11. Ng5 Qxg5 12. Nf3 Qh6 13. h3 c5 14. dxc5 Nxc5 15.
Bc2 Nc6 16. Qxd5+ Be6 17. Qxd6 Ne4 18. Qd1 Nb4 19. Bb3 Rad8 20. Bd2 Nxd2 21.
Nxd2 Nd3 22. Bxe6+ Qxe6 23. Nf3 Ne5 24. Ng5 Qg6 25. Qb3+ Kh8 26. Ne6 Rd3 27. Qb4
Nf3+ 28. Kh1 Rc8 29. Nf4 Qg5 30. Nxd3 Nh4 31. g3 Ng6 32. Rac1 Rd8 33. Nc5 f4 34.
Nxb7 Qd5+ 35. e4 Qd3 36. Rfd1 Qf3+ 37. Kg1 Rxd1+ 38. Rxd1 Qxd1+ 39. Kg2 f3+ 40.
Kh2 Qf1 41. Nd6 Qg2# {White checkmated} 0-1

[Event "Team 45 45 League T71"]
[Site "Internet Chess Club"]
[Date "2017.01.09"]
[Round "4"]
[White "milesotoole"]
[Black "RD1974"]
[Result "1-0"]
[WhiteElo "1657"]
[BlackElo "1590"]
[Opening "Sicilian: closed"]
[ECO "B23"]
[Time "08:46:10"]
[TimeControl "2700+45"]

1. e4 c5 2. Nc3 e6 3. f4 d5 4. Nf3 dxe4 5. Nxe4 Nf6 6. Bb5+ Bd7 7. Bxd7+ Nbxd7
8. d3 Qc7 9. O-O Nd5 10. Nfg5 N7f6 11. Nxf6+ Nxf6 12. Qe2 h6 13. Ne4 Be7 14. Bd2
Nd5 15. f5 O-O 16. Bxh6 gxh6 17. f6 Bxf6 18. Nxf6+ Nxf6 19. Rxf6 Qd6 20. Rxh6
Qd4+ 21. Kh1 Qg7 22. Rh3 Qd4 23. Rg3+ {Black resigns} 1-0

[Event "Team 45 45 League T71"]
[Site "Internet Chess Club"]
[Date "2017.01.07"]
[Round "4"]
[White "chesskix"]
[Black "mongmong"]
[Result "0-1"]
[WhiteElo "1508"]
[BlackElo "1504"]
[Opening "English opening"]
[ECO "A17"]
[Time "12:06:34"]
[TimeControl "2700+45"]

1. c4 e6 2. Nc3 Nf6 3. g3 Bb4 4. Bg2 O-O 5. Nf3 c5 6. O-O Nc6 7. a3 Ba5 8. d3 d6
9. Bd2 Rb8 10. Ne4 Nxe4 11. dxe4 Bxd2 12. Qxd2 Qe7 13. Rad1 Rd8 14. Qc3 e5 15.
e3 Be6 16. b3 Qc7 17. h3 f6 18. Nh2 Qa5 19. Qxa5 Nxa5 20. Rb1 b5 21. cxb5 Rxb5
22. b4 cxb4 23. Rxb4 Rxb4 24. axb4 Nb3 25. Rd1 Kf7 26. Nf1 Ke7 27. Nd2 Nxd2 28.
Rxd2 Rb8 29. Rb2 a5 30. b5 Bc4 31. Bf1 Bxf1 32. Kxf1 Rb6 33. Ke2 Ke6 34. Kd3 d5
35. exd5+ Kxd5 36. e4+ Kc5 37. Rc2+ Kxb5 38. Rb2+ Ka6 39. Rxb6+ Kxb6 40. Kc3 Kc5
41. Kb3 Kb5 42. f4 a4+ 43. Ka3 h6 44. f5 Ka5 45. g4 Kb5 46. h4 Ka5 47. h5 Kb5
48. Kb2 Kb4 49. Ka2 a3 50. Kb1 Kc4 51. Ka2 Kd4 52. Kxa3 Kxe4 53. Kb4 Kf4 54. Kc3
Kxg4 55. Kd3 Kxf5 56. Ke3 Kg5 57. Ke4 Kxh5 58. Kf5 g6+ 59. Ke4 Kg5 60. Kf3 h5
{White resigns} 0-1

[Event "Team 45 45 League T71"]
[Site "Internet Chess Club"]
[Date "2017.01.06"]
[Round "4"]
[White "smsxman"]
[Black "OGO"]
[Result "1-0"]
[WhiteElo "1349"]
[BlackElo "1450"]
[Opening "Sicilian defense"]
[ECO "B30"]
[Time "21:30:53"]
[TimeControl "2700+45"]

1. e4 c5 2. Nf3 Nc6 3. Nc3 d6 4. Bc4 e6 5. d4 Bd7 6. d5 Na5 7. Be2 Nf6 8. dxe6
Bxe6 9. O-O Be7 10. Bb5+ Nc6 11. e5 Ng4 12. exd6 Bxd6 13. Bxc6+ bxc6 14. Bg5 Qc7
15. g3 f6 16. Re1 Ne5 17. Nxe5 fxe5 18. Ne4 Bd5 19. Qh5+ Bf7 20. Qd1 Be7 21. Be3
Rd8 22. Qe2 c4 23. Bg5 O-O 24. Be3 Bd5 25. Nd2 Qd7 26. Nxc4 Bf3 27. Nxe5 Bxe2
28. Nxd7 Rxd7 29. Rxe2 Rfd8 30. a3 a6 31. b4 Bf6 32. Rb1 Rd1+ 33. Rxd1 Rxd1+ 34.
Kg2 Ra1 35. Bc5 Rxa3 36. c4 Kf7 37. Re4 Rc3 38. Rf4 Ke6 39. h3 g5 40. Re4+ Kf5
41. f3 Be5 42. g4+ Ke6 43. Bd4 Rxc4 44. Rxe5+ Kd6 45. Re4 Kd5 46. Bf6 Rxe4 47.
fxe4+ Kxe4 48. Bxg5 Kd4 49. Be7 Kc4 50. Kf3 {Black resigns} 1-0

[Event "Team 45 45 League T71"]
[Site "Internet Chess Club"]
[Date "2017.01.10"]
[Round "4"]
[White "fishhead"]
[Black "Elalfer"]
[Result "0-1"]
[WhiteElo "1678"]
[BlackElo "1596"]
[Opening "Sicilian defense"]
[ECO "B32"]
[Time "11:03:13"]
[TimeControl "2700+45"]

1. e4 c5 2. Nf3 Nc6 3. d4 cxd4 4. Nxd4 d6 5. c4 Nf6 6. Nc3 Qb6 7. Nc2 g6 8. Be2
Bg7 9. O-O O-O 10. Ne3 Qd8 11. Qe1 b6 12. Rb1 Bb7 13. b4 Rc8 14. c5 dxc5 15.
bxc5 Nd4 16. cxb6 Rxc3 17. bxa7 Nxe2+ 18. Qxe2 Bxe4 19. Rb8 Rc8 20. Ng4 Ba8 21.
Bf4 Qa5 {White resigns} 0-1

[Event "Team 45 45 League T71"]
[Site "Internet Chess Club"]
[Date "2017.01.09"]
[Round "4"]
[White "cayo89"]
[Black "kidcobra"]
[Result "0-1"]
[WhiteElo "1640"]
[BlackElo "1819"]
[Opening "King's Indian: London system"]
[ECO "A48"]
[Time "19:28:28"]
[TimeControl "2700+45"]

1. d4 Nf6 2. Nf3 g6 3. Bf4 Bg7 4. h3 d6 5. e3 O-O 6. Be2 Nbd7 7. Nbd2 Nh5 8. Bh2
e5 9. g4 exd4 10. exd4 Nhf6 11. O-O Nb6 12. c4 h5 13. g5 Nh7 14. h4 f5 15. Bf4
Re8 16. Bd3 Nf8 17. Nb3 Ne6 18. Bd2 Bd7 19. d5 Nc5 20. Nxc5 dxc5 21. Rb1 c6 22.
d6 Be6 23. Bf4 Nxc4 24. Be2 Bd5 25. Bxc4 Bxc4 26. Re1 Rxe1+ 27. Qxe1 Qd7 28. b3
Re8 29. Qa5 Bd5 30. Nd2 b6 31. Qa6 Be5 32. Bxe5 Rxe5 33. Nc4 Re8 34. Rd1 f4
{White resigns} 0-1

[Event "Team 45 45 League T71"]
[Site "Internet Chess Club"]
[Date "2017.01.06"]
[Round "4"]
[White "Chesstime2016"]
[Black "krysto"]
[Result "0-1"]
[WhiteElo "1419"]
[BlackElo "1607"]
[Opening "QGD: 4.Bg5 Be7"]
[ECO "D53"]
[Time "19:02:29"]
[TimeControl "2700+45"]

1. d4 Nf6 2. c4 e6 3. Nc3 d5 4. Bg5 Be7 5. e3 h6 6. Bxf6 Bxf6 7. cxd5 exd5 8.
Nf3 Bg4 9. Be2 O-O 10. O-O c6 11. Ne5 Bxe2 12. Nxe2 Re8 13. Ng4 Nd7 14. Nxf6+
Nxf6 15. Ng3 g6 16. Re1 Qb6 17. Qc2 Rac8 18. Rac1 Re7 19. Qc5 Qxc5 20. dxc5 b6
21. b4 bxc5 22. Rxc5 Rb7 23. a3 Nd7 24. Rc3 Ne5 25. e4 d4 26. Rc2 d3 27. Rd2 c5
28. f4 Nc4 29. Rxd3 cxb4 30. axb4 Rxb4 31. Ra1 Ra8 32. Rd7 a5 33. Rd4 Rab8 34.
f5 Rb1+ 35. Rxb1 Rxb1+ 36. Kf2 Ne5 37. Rd5 Ng4+ 38. Ke2 a4 39. fxg6 fxg6 40. Ra5
Ra1 41. h3 Nf6 42. e5 Ne8 43. Ne4 a3 44. Kd3 Kf7 45. Nd6+ Nxd6 46. exd6 Ke6 47.
Ra6 a2 48. Kc2 Rg1 49. g4 a1=Q 50. d7+ Kxd7 {White resigns} 0-1

[Event "Team 45 45 League T71"]
[Site "Internet Chess Club"]
[Date "2017.01.05"]
[Round "4"]
[White "Pawnchain"]
[Black "smsxman"]
[Result "1-0"]
[WhiteElo "1470"]
[BlackElo "1327"]
[Opening "Scandinavian (center counter) defense"]
[ECO "B01"]
[Time "12:00:19"]
[TimeControl "2700+45"]

1. e4 d5 2. exd5 Qxd5 3. Nc3 Qe5+ 4. Nge2 Nc6 5. d4 Qf5 6. Ng3 Qd7 7. Be3 Nf6 8.
Bd3 e6 9. O-O Be7 10. Be2 O-O 11. a3 a6 12. Bd3 b5 13. b4 Bd6 14. Nce4 Be7 15.
c3 Nd5 16. Rc1 Bb7 17. Nc5 Bxc5 18. dxc5 Ne5 19. Bb1 Qc6 20. Be4 f5 21. Bf3
Nxf3+ 22. gxf3 Nxe3 23. fxe3 Rad8 24. Qe2 e5 25. e4 Qg6 26. exf5 Rxf5 27. Rf2
Qg5 28. Re1 Rdf8 29. Qe3 Qxe3 30. Rxe3 Rxf3 31. Rfxf3 Bxf3 32. Rxe5 c6 33. Nf5
g6 34. Nd4 Bd5 35. h3 Rf4 36. Re8+ Rf8 37. Re3 Kg7 38. Ne6+ Bxe6 39. Rxe6 Rf3
40. Rxc6 Rxh3 41. Rxa6 Rxc3 42. Rb6 Rxa3 43. Rxb5 Ra7 44. c6 Kh6 45. Rb7 Ra1+
46. Kg2 Ra2+ 47. Kf3 Rc2 48. c7 Rc3+ 49. Ke4 g5 50. b5 g4 51. Rb6+ Kh5 52. Rc6
Rxc6 53. bxc6 Kh4 54. c8=Q h5 55. Qd8+ Kh3 56. c7 g3 57. c8=Q+ Kh2 58. Qh4+ Kg2
59. Qc2+ {Black resigns} 1-0

[Event "Team 45 45 League T71"]
[Site "Internet Chess Club"]
[Date "2017.01.08"]
[Round "4"]
[White "kllrchris"]
[Black "cityprosecutor"]
[Result "0-1"]
[WhiteElo "1700"]
[BlackElo "1726"]
[Opening "Pirc: classical, h3 system"]
[ECO "B08"]
[Time "20:07:03"]
[TimeControl "2700+45"]

1. e4 d6 2. d4 Nf6 3. Nc3 g6 4. Nf3 Bg7 5. h3 c6 6. a4 O-O 7. Be3 d5 8. e5 Ne4
9. Nxe4 dxe4 10. Ng5 Qd5 11. c4 Qa5+ 12. Bd2 Qd8 13. Bc3 f5 14. exf6 exf6 15.
Nxe4 Re8 16. Qd3 f5 17. f3 Qe7 18. O-O-O fxe4 19. fxe4 Qxe4 20. Qxe4 Rxe4 21.
Bd3 Re8 22. g4 Na6 23. d5 Nc5 24. Bc2 cxd5 25. Bb4 Ne4 26. Rde1 Bd7 27. cxd5
Rac8 28. Kb1 Nf6 29. d6 Rxe1+ 30. Rxe1 Re8 31. Bb3+ Kh8 32. Rc1 Bc6 33. a5 a6
34. Rf1 h6 35. Bf7 Be4+ 36. Ka1 Rd8 37. Rd1 Kh7 38. Rd2 Bf8 39. Be6 Bc6 40. Rf2
Bg7 41. h4 Bd5 42. Re2 Bxe6 43. Rxe6 Nd5 44. Bc5 Rd7 45. Kb1 Bf6 46. h5 gxh5 47.
gxh5 Kg7 48. Kc2 Kf7 49. Re4 Bg5 50. Kb3 Nf6 51. Re7+ Kf8 52. Rxd7 Nxd7 53. Kc4
Kf7 54. Kd5 Nxc5 55. Kxc5 Bd8 56. b4 Kf6 57. Kd5 Kf5 58. d7 Be7 59. Kc4 Ke6 60.
b5 Kxd7 61. bxa6 bxa6 62. Kd5 Kc7 63. Ke6 Bb4 64. Kf6 Bxa5 65. Kg6 Bd2 66. Kf5
Kb6 67. Ke4 Kb5 68. Kd3 Bg5 {White resigns} 0-1

[Event "Team 45 45 League T71"]
[Site "Internet Chess Club"]
[Date "2017.01.04"]
[Round "4"]
[White "Constrictor"]
[Black "CrimsonZug"]
[Result "1-0"]
[WhiteElo "1610"]
[BlackElo "1627"]
[Opening "King's Indian: Smyslov system"]
[ECO "E61"]
[Time "17:32:20"]
[TimeControl "2700+45"]

1. Nf3 Nf6 2. d4 g6 3. c4 Bg7 4. Nc3 d6 5. Bg5 O-O 6. Qd2 Nbd7 7. Bh6 c6 8. e4
a6 9. Be2 Re8 10. Bxg7 Kxg7 11. O-O e5 12. dxe5 dxe5 13. Rfd1 Qc7 14. b4 b6 15.
Nh4 Nf8 16. Qd6 Ra7 17. Rd2 Qxd6 18. Rxd6 Rc7 19. Rad1 Ne6 20. Nf3 Nf4 21. Bd3
Rd7 22. Bc2 h6 23. Rxc6 Rxd1+ 24. Nxd1 b5 25. c5 g5 26. Rd6 g4 27. Nd2 Ne2+ 28.
Kf1 Nd4 29. Bd3 Re7 30. Ne3 Rc7 31. Nd5 Nxd5 32. exd5 f5 33. Nb3 Nxb3 34. axb3
h5 35. Rb6 e4 36. Be2 a5 37. d6 Ra7 38. Bxb5 axb4 39. Ba4 Kf7 40. c6 Be6 41.
Rb7+ {Black resigns} 1-0

[Event "Team 45 45 League T71"]
[Site "Internet Chess Club"]
[Date "2017.01.06"]
[Round "4"]
[White "Mitochondria"]
[Black "Hal2001"]
[Result "1/2-1/2"]
[WhiteElo "1600"]
[BlackElo "1563"]
[Opening "Benoni defense"]
[ECO "A61"]
[Time "21:01:37"]
[TimeControl "2700+45"]

1. d4 Nf6 2. c4 c5 3. d5 e6 4. Nc3 exd5 5. cxd5 d6 6. Nf3 a6 7. Bg5 g6 8. e4 Bg7
9. Be2 O-O 10. O-O Bg4 11. Qc2 Nbd7 12. Rfd1 Bxf3 13. Bxf3 Re8 14. a4 Qc7 15.
Re1 Rab8 16. Bf4 Re7 17. Bd1 Rbe8 18. f3 Nh5 19. Bd2 Nhf6 20. Na2 Nxd5 21. Nc3
Nxc3 22. Bxc3 Bxc3 23. Qxc3 d5 24. Bb3 dxe4 25. fxe4 Ne5 26. Bd5 c4 27. Rac1 Nd3
28. Rf1 Qc5+ 29. Kh1 Nf2+ 30. Rxf2 Qxf2 31. Qxc4 Qxb2 32. Rf1 Qg7 33. h3 Rf8 34.
Qb4 Qe5 35. Qc5 Qc7 36. Qb4 a5 37. Qb3 Kg7 38. Qb2+ Qe5 39. Qb6 Qc7 40. Qf6+ Kg8
41. h4 Qe5 42. Qb6 Qc7 43. Qf6 Qe5 44. Qb6 {Game drawn by mutual agreement}
1/2-1/2

[Event "Team 45 45 League T71"]
[Site "Internet Chess Club"]
[Date "2017.01.07"]
[Round "4"]
[White "Gilguli"]
[Black "Scorpius"]
[Result "0-1"]
[WhiteElo "1374"]
[BlackElo "1395"]
[Opening "Czech Benoni defense"]
[ECO "A56"]
[Time "13:00:30"]
[TimeControl "2700+45"]

1. d4 Nf6 2. c4 c5 3. d5 e5 4. Nc3 d6 5. Nf3 Be7 6. e3 Nbd7 7. Bd3 Nf8 8. Qc2
Ng6 9. Ng5 Nxd5 10. Nxf7 Nxe3 11. fxe3 Kxf7 12. O-O+ Bf6 13. Nd5 Be6 14. Nxf6
gxf6 15. b3 Kg7 16. Qf2 Rf8 17. Bf5 Qd7 18. e4 Bxf5 19. exf5 Nh8 20. Qg3+ Kf7
21. Qh4 Ke7 22. Bb2 Nf7 23. Rad1 Qc6 24. Rd2 Rg8 25. Rfd1 Rg5 26. Qh3 Rag8 27.
Bc1 Rg4 28. Rf2 R8g7 29. Rd5 Rd4 30. Rd2 Ng5 31. Qg3 Kf7 32. R2xd4 cxd4 33. a4
Ne4 34. Qd3 Nc3 35. Bd2 Nxd5 36. cxd5 Qxd5 37. Qh3 e4 38. Bh6 d3 39. Qh5+ Kf8
40. Qg4 Qd4+ 41. Kf1 Qa1+ 42. Kf2 Qb2+ 43. Kg3 Qe5+ 44. Kf2 e3+ 45. Ke1 Qa1+ 46.
Qd1 Qc3+ {White resigns} 0-1

[Event "Team 45 45 League T71"]
[Site "Internet Chess Club"]
[Date "2017.01.07"]
[Round "4"]
[White "Yedixon"]
[Black "Zugzwanged"]
[Result "1-0"]
[WhiteElo "1722"]
[BlackElo "1700"]
[Opening "French: advance, Paulsen attack"]
[ECO "C02"]
[Time "14:07:44"]
[TimeControl "2700+45"]

1. e4 e6 2. d4 d5 3. e5 c5 4. c3 Nc6 5. Nf3 Qb6 6. a4 Bd7 7. Na3 f6 8. Bb5 a6 9.
Bxc6 Bxc6 10. O-O O-O-O 11. dxc5 Bxc5 12. b4 Be7 13. Be3 Qc7 14. a5 Rf8 15. Bf4
g5 16. Bg3 f5 17. Nd4 Bd7 18. f4 h5 19. fxg5 Bxg5 20. Nxf5 Ne7 21. Nd6+ Kb8 22.
Rxf8+ Rxf8 23. Qd3 Nf5 24. Rf1 Be7 25. Nxf5 exf5 26. e6 Bd6 27. Bxd6 Qxd6 28.
exd7 Qxd7 29. Nc4 Qe6 30. Ne3 f4 31. Nxd5 Qd6 32. Rd1 Qe5 33. Qf3 h4 34. Rf1 h3
35. g3 Rd8 36. Nxf4 Rf8 37. Qd3 Rc8 38. Qd4 Qf5 39. Nd3 Qg6 40. Nc5 Qc2 41. Qd5
Rxc5 42. Rf8+ Rc8 43. Qd6+ Ka7 44. Qb6+ Kb8 45. Rxc8+ Kxc8 46. Qe6+ Kb8 47. Qxh3
Qc1+ 48. Qf1 Qxc3 49. Qf8+ Kc7 50. Qc5+ Qxc5+ 51. bxc5 Kc6 52. h4 Kxc5 53. h5 b5
54. axb6 Kxb6 55. h6 a5 56. h7 a4 57. h8=Q Kb5 58. Qb2+ Kc4 59. g4 {Black
resigns} 1-0

[Event "Team 45 45 League T71"]
[Site "Internet Chess Club"]
[Date "2017.01.07"]
[Round "4"]
[White "parrot9"]
[Black "Chess4Him"]
[Result "0-1"]
[WhiteElo "1672"]
[BlackElo "1599"]
[Opening "Robatsch (modern) defense"]
[ECO "B06"]
[Time "08:31:24"]
[TimeControl "2700+45"]

1. e4 g6 2. d4 Bg7 3. Be3 d6 4. Nc3 a6 5. f3 b5 6. Qd2 Nd7 7. g4 h6 8. Nce2 Bb7
9. Ng3 e6 10. O-O-O Ne7 11. Kb1 d5 12. Bd3 Nb6 13. Qf2 O-O 14. h4 dxe4 15. fxe4
c5 16. Nf3 c4 17. Bf1 Na4 18. c3 Nc5 19. Qc2 Qc7 20. dxc5 Qxg3 21. Be2 Rad8 22.
Rdg1 Qc7 23. Nd4 Nc6 24. Nxc6 Bxc6 25. Bf3 Rd3 26. Qc1 Rfd8 27. Rd1 Qg3 28. Be2
Rxd1 29. Rxd1 Bxe4+ 30. Ka1 Rxd1 31. Bxd1 Qxh4 32. a4 Qd8 33. b4 Qd3 34. Kb2 Kh7
35. Bf4 e5 36. Be3 Qd7 37. Be2 Bd3 38. Bf3 e4 39. Bg2 bxa4 40. g5 h5 41. Qh1 Qb7
42. Qa1 Qxb4+ 43. Kc1 Bxc3 44. Qa2 a3 45. Kd1 Qa4+ 46. Kc1 Qb3 {White resigns}
0-1

[Event "Team 45 45 League T71"]
[Site "Internet Chess Club"]
[Date "2017.01.06"]
[Round "4"]
[White "mongmong"]
[Black "bayoumicardio10"]
[Result "1/2-1/2"]
[WhiteElo "1486"]
[BlackElo "1550"]
[Opening "King's Indian, 3.Nf3"]
[ECO "E60"]
[Time "18:00:24"]
[TimeControl "2700+45"]

1. d4 Nf6 2. Nf3 g6 3. c4 Bg7 4. g3 O-O 5. Bg2 c5 6. Nc3 cxd4 7. Nxd4 Nc6 8. O-O
Nxd4 9. Qxd4 d6 10. Qd3 Nd7 11. b3 Nc5 12. Qd2 a5 13. Bb2 Bd7 14. Nd5 Bxb2 15.
Qxb2 Bc6 16. Rad1 a4 17. b4 a3 18. Qd4 Na4 19. Nc3 Bxg2 20. Kxg2 Nb2 21. Rc1 Qd7
22. Nd1 Nxd1 23. Rfxd1 Qe6 24. e4 Rfc8 25. Qd5 Rc7 26. Qxe6 fxe6 27. c5 dxc5 28.
Rxc5 Rxc5 29. bxc5 Rc8 30. Rd3 Rxc5 31. Rxa3 Kf7 32. h4 Rc2 33. Rb3 Rxa2 34.
Rxb7 Ra4 35. e5 h6 36. Rb2 g5 37. hxg5 hxg5 38. Re2 g4 39. f3 gxf3+ 40. Kxf3 Kg6
41. Re4 Rxe4 42. Kxe4 Kg5 43. Kf3 Kf5 44. g4+ Kxe5 45. Kg3 Kf6 46. Kh4 Kg6 47.
Kg3 e5 48. Kf3 Kf6 49. Ke4 e6 50. g5+ Kxg5 51. Kxe5 Kg6 52. Kxe6 {Game drawn
because neither player has mating material} 1/2-1/2

[Event "Team 45 45 League T71"]
[Site "Internet Chess Club"]
[Date "2017.01.08"]
[Round "4"]
[White "kingphisch"]
[Black "BrerRabbit"]
[Result "1-0"]
[WhiteElo "1447"]
[BlackElo "1398"]
[Opening "Pirc: Ufimtsev-Pytel variation"]
[ECO "B07"]
[Time "15:08:24"]
[TimeControl "2700+45"]

1. e4 d6 2. d4 Nf6 3. Nc3 c6 4. Be3 Qb6 5. Rb1 Ng4 6. Bd3 Nxe3 7. fxe3 e5 8. Bc4
Be6 9. Bxe6 fxe6 10. Nf3 Nd7 11. O-O O-O-O 12. Ne2 g6 13. c3 Bh6 14. Qd3 Rhf8
15. Ne1 Rxf1+ 16. Kxf1 Nf6 17. Nc2 Rf8 18. Kg1 Ng4 19. Ng3 d5 20. exd5 exd5 21.
h3 e4 22. Qe2 Nf6 23. b4 Qc7 24. Nh1 Kb8 25. a4 Ne8 26. Qe1 Qe7 27. Qg3+ Ka8 28.
Qe5 Qxe5 29. dxe5 a6 30. Rf1 Kb8 31. Rxf8 Bxf8 32. Nf2 Bg7 33. Ng4 Nc7 34. Nd4
Ne8 35. Ne6 Bh8 36. Ng5 h5 37. Nf7 Bg7 38. Ngh6 Kc7 39. Ng8 Kd7 40. Kf2 b6 41.
Kg3 c5 42. Kf4 Nc7 43. Nf6+ Bxf6 44. exf6 Ke6 45. Ne5 Kxf6 46. Nd7+ Kf7 47. Nxb6
Kf6 48. Nd7+ Ke7 49. Nxc5 Kf6 50. Nd7+ Ke7 51. Nc5 Ne6+ 52. Nxe6 Kxe6 53. Kg5
Kd6 54. Kxg6 Kc6 55. Kxh5 d4 56. cxd4 Kd5 57. b5 axb5 58. axb5 Kc4 59. Kg4 Kd3
60. Kf4 {Black resigns} 1-0

[Event "Team 45 45 League T71"]
[Site "Internet Chess Club"]
[Date "2017.01.09"]
[Round "4"]
[White "evan7284"]
[Black "Goli"]
[Result "1-0"]
[WhiteElo "1708"]
[BlackElo "1705"]
[Opening "King's Indian: Torre attack"]
[ECO "A48"]
[Time "15:00:17"]
[TimeControl "2700+45"]

1. d4 Nf6 2. Nf3 g6 3. Bg5 Bg7 4. Nbd2 O-O 5. e4 d6 6. Bd3 c5 7. c3 cxd4 8. cxd4
Nc6 9. O-O Qb6 10. Nc4 Qc7 11. Rc1 Bg4 12. Ne3 Bxf3 13. Qxf3 Qa5 14. Bxf6 Bxf6
15. Nc4 Qxa2 16. Ra1 Qb3 17. Ra3 Qb4 18. d5 Ne5 19. Nxe5 Bxe5 20. Qd1 b6 21. Rb3
Qc5 22. Qd2 Qc7 23. Rc1 Qd7 24. f4 Bd4+ 25. Kh1 Bc5 26. Qe2 Qa4 27. Rbc3 Qd4 28.
Qg4 Bb4 29. Rb3 a5 30. Rc4 Qe3 31. h4 Bc5 32. Qd1 Qxf4 33. e5 Qxh4+ 34. Rxh4
{Black resigns} 1-0

[Event "Team 45 45 League T71"]
[Site "Internet Chess Club"]
[Date "2017.01.06"]
[Round "4"]
[White "Egmont"]
[Black "rayonline53"]
[Result "1-0"]
[WhiteElo "1553"]
[BlackElo "1541"]
[Opening "Dutch"]
[ECO "A80"]
[Time "11:00:29"]
[TimeControl "2700+45"]

1. d4 f5 2. Nf3 e6 3. d5 Be7 4. dxe6 dxe6 5. Qxd8+ Bxd8 6. Bf4 Nf6 7. Nc3 O-O 8.
h3 c6 9. e3 Nbd7 10. Bc4 Nb6 11. Bb3 Be7 12. Ne2 Nbd5 13. Be5 Nd7 14. Bg3 Bf6
15. Nfd4 N7b6 16. c3 Kh8 17. Nf3 Re8 18. Be5 Bxe5 19. Nxe5 Nd7 20. Nf7+ Kg8 21.
Nd6 Re7 22. Nd4 Kf8 23. O-O N7f6 24. Rfe1 Ne8 25. Nxc8 Rxc8 26. e4 fxe4 27. Rxe4
Nec7 28. Rae1 Rce8 29. Nf3 Nf6 30. R4e2 Nfd5 31. Ng5 Nf4 32. Re3 Kg8 33. Bc2 h6
34. Nf3 Rf8 35. Bb3 Nfd5 36. Re4 Rf4 37. Bxd5 Nxd5 38. Rxe6 Rxe6 39. Rxe6 Kf7
40. Re1 a5 41. Ne5+ Kg8 42. g3 Rf6 43. Kg2 Re6 44. Nd3 Rxe1 45. Nxe1 Kf7 46. Nd3
Kf6 47. c4 Nb6 48. b3 Nd7 49. f4 c5 50. Kf3 b6 51. Ke4 Ke6 52. f5+ Kd6 53. g4
Nf6+ 54. Kf4 Ke7 55. Ke5 Nd7+ 56. Kd5 Nf6+ 57. Kc6 Nd7 58. Nf4 {Black resigns}
1-0